 Dungeon Crawl Stone Soup version 0.13.0-6-g40e4d2d (webtiles) character file.

198 Leibowitz the Sneak (level 4, -6/26 HPs)
             Began as a Kobold Assassin on Oct 14, 2013.
             Mangled by Crazy Yiuf
             ... wielding a +4,+2 quarterstaff of chaos
              (7 damage)
             ... while paralysed by Crazy Yiuf
             ... on Level 2 of the Dungeon.
             The game lasted 00:04:51 (1573 turns).

Leibowitz the Sneak (Kobold Assassin)               Turns: 1573, Time: 00:04:52

HP  -6/26        AC  5     Str 10      XL: 4   Next: 30%
MP   0/3         EV  3     Int  9      God:
Gold 135         SH  0     Dex 17      Spells:  0 memorised,  3 levels left

Res.Fire  : . . .   See Invis. : .   a - +2 dagger {=f}
Res.Cold  : . . .   Warding    : .   c - +0 robe
Life Prot.: . . .   Conserve   : .   (no shield)
Res.Poison: .       Res.Corr.  : .   (no helmet)
Res.Elec. : .       Clarity    : .   d - +0 cloak
Sust.Abil.: . .     Spirit.Shd : .   p - +0 pair of gauntlets
Res.Mut.  : .       Stasis     : .   t - +0 pair of boots (curse)
Res.Rott. : .       Flight     : .   (no amulet)
Saprovore : + + .                    (no ring)
                                     (no ring)

@: paralysed, slowed, slightly resistant to hostile enchantments, very stealthy
A: disease resistance, carnivore 3, saprovore 2
a: no special abilities


You were on level 2 of the Dungeon.
You were very full.

You visited 1 branch of the dungeon, and saw 2 of its levels.

You collected 85 gold pieces.

Inventory:

Hand weapons
 a - a +2,+2 dagger (weapon) {=f}
 b - a +0 blowgun
Missiles
 e - 5 poisoned needles
Armour
 c - a +0 robe (worn)
 d - a +0 cloak (worn)
 p - a +0 pair of gauntlets (worn)
 t - a cursed +0 pair of boots (worn)
Comestibles
 g - 2 meat rations
 m - a royal jelly
Scrolls
 i - 3 scrolls of amnesia {unknown}
 j - a scroll of recharging {unknown}
 k - a scroll of teleportation {unknown}
 l - 2 scrolls of remove curse {unknown}
 n - a scroll of fog {unknown}
 o - 3 scrolls of blinking {unknown}
 q - a scroll of fear {unknown}
 r - 4 scrolls of identify {unknown}
Potions
 h - 2 potions of curing
 s - a potion of agility {unknown}
 u - a potion of heal wounds {unknown}


   Skills:
 * Level 3.0 Fighting
 + Level 2.8 Short Blades
 - Level 2.6 Throwing
 * Level 2.8 Dodging
 + Level 6.2 Stealth


You had 3 spell levels left.
You didn't know any spells.

Dungeon Overview and Level Annotations

Branches:
Dungeon (2/27)

Altars:

Annotations:
D:2 Crazy Yiuf


Innate Abilities, Weirdness & Mutations

You recuperate from illness quickly.
You are small and have problems with some larger weapons.
You are carnivorous and can eat meat at any time.
You can eat rotten meat.


Message History

Crazy Yiuf is severely wounded.
Crazy Yiuf barely misses you.
You hit Crazy Yiuf but do no damage.
Crazy Yiuf is severely wounded.
Crazy Yiuf closely misses you.
You hit Crazy Yiuf but do no damage.
Crazy Yiuf is severely wounded.
Crazy Yiuf closely misses you.
You barely miss Crazy Yiuf.
Crazy Yiuf is severely wounded.
Crazy Yiuf hits you with a quarterstaff of chaos.
You hit Crazy Yiuf but do no damage.
Crazy Yiuf is severely wounded.
Crazy Yiuf hits you with a quarterstaff of chaos.
You suddenly lose the ability to move!
Crazy Yiuf hits you with a quarterstaff of chaos!
* * * LOW HITPOINT WARNING * * *
You feel your power leaking away.
Crazy Yiuf hits you with a quarterstaff of chaos!
You die...

.# #..###.##.####
#.......... .#
#......##....# #.###......
>#####.#.#.###....# #.#
#.#....
.........#.....##.#####.#
#.#....
#################.#.....#
#.#..#. ♣♣♣♣♣♣##.#.....#
#.#....
♣♣♣♣♣♣♣♣##.#.###.###.#.##.
#♣♣♣.♣.(.#...# #..........
#♣(.♣.f♣g@...###.##..####.
#....(♣♣♣♣ff.........##..#
#.
#)(.#♣♣♣♣♣♣f.#......>##..#
#. ### ♣♣♣♣##..####.##..#
#. ♣♣♣##### #.....####.
#########......
########...%..........
#...........##########
#############


You could see Crazy Yiuf.

Vanquished Creatures
  3 adders (D:2)
  2 ball pythons (D:2)
  2 bats (D:1)
  12 hobgoblins
  A giant cockroach (D:2)
  9 goblins
  5 rats
  A fungus (D:2)
35 creatures vanquished.

Notes
Turn   | Place    | Note
--------------------------------------------------------------
     0 | D:1      | Leibowitz, the Kobold Assassin, began the quest for the Orb.
     0 | D:1      | Reached XP level 1. HP: 12/12 MP: 0/0
    82 | D:1      | Reached XP level 2. HP: 12/16 MP: 1/1
   723 | D:1      | Reached XP level 3. HP: 21/21 MP: 2/2
  1122 | D:2      | Reached skill level 6 in Stealth
  1187 | D:2      | Reached XP level 4. HP: 23/26 MP: 3/3
  1538 | D:2      | Noticed Crazy Yiuf
  1571 | D:2      | Paralysed by Crazy Yiuf for 5 turns
  1572 | D:2      | HP: 1/26 [Crazy Yiuf/quarterstaff of chaos (8)]
  1573 | D:2      | Mangled by Crazy Yiuf

Action                   |  1- 3 |  4- 6 || total
-------------------------+-------+-------++-------
Melee: Dagger            |    78 |    99 ||   177
 Fire: Blowgun           |       |     5 ||     5
 Stab: Sleeping          |     8 |     2 ||    10
